AoeStats
← Sor123s8

Arabia

509493677Analyzed
1v1 RM · 4d ago on Sep 27, 2026· 53m 22s· 2 players
Game mode
Random Map
Map size
Tiny (2 player)
Population
200
Speed
Normal
Resources
Standard
Victory
Conquest
Starting age
Dark Age
Ending age
Imperial Age
RankedLock teamsTeams togetherTeam positionsShared explorationLock speedFull tech treeHidden civsTurbo modeCheats
Victory
Defeat
🇦🇷 Magyars · Argentina
1069
+13
🇺🇸 Vietnamese · United States
1014
-13
Tim
6:49 Loom
9:29 Feudal Age
10:49 Double-Bit Axe
21:45 Castle Age
21:52 Fletching
22:48 Bow Saw
22:48 Husbandry
23:00 Bloodlines
26:15 Padded Archer Armor
26:16 Bodkin Arrow
29:31 Leather Archer Armor
29:14 Elite Skirmisher
39:22 Ballistics
42:13 Horse Collar
42:22 Light Cavalry
46:32 Imperial Age
44:47 Town Watch
45:30 Heavy Plow
48:35 Chemistry
47:56 Scale Barding Armor
48:05 Imperial Skirmisher
48:52 Bracer
51:45 Masonry
Sor123s8
7:27 Loom
10:02 Feudal Age
10:35 Double-Bit Axe
16:17 Wheelbarrow
15:31 Horse Collar
21:11 Castle Age
20:44 Gold Mining
21:04 Fletching
21:53 Bodkin Arrow
22:24 Bow Saw
22:33 Padded Archer Armor
23:25 Gold Shaft Mining
22:51 Heavy Plow
23:39 Thumb Ring
29:03 Ballistics
30:58 Husbandry
31:09 Bloodlines
32:32 Hand Cart
33:06 Stone Mining
41:53 Imperial Age
40:14 Corvinian Army
42:09 Heavy Scorpion
43:07 Bracer
43:23 Leather Archer Armor
42:38 Heavy Cavalry Archer
43:43 Parthian Tactics
44:45 Two-Man Saw
45:06 Crop Rotation
45:22 Elite Magyar Huszar
46:26 Conscription
46:13 Scale Barding Armor
48:44 Chemistry
48:08 Chain Barding Armor
48:18 Ring Archer Armor
47:52 Recurve Bow
48:52 Town Watch
50:55 Plate Barding Armor
Connection lost

Rejoining the realm…

Still unreachable

The connection could not be restored.

Session expired

The server has moved on; the page needs a fresh start.